 Dungeon Crawl Stone Soup version 0.30.0-29-ga12c61a403 (webtiles) character file.

Game seed: 13005075438684645818

83 Anandil the Firebug (level 4, -9/30 HPs)
             Began as a Demonspawn Fire Elementalist on June 13, 2023.
             Mangled by Crazy Yiuf
             ... wielding a +2 quarterstaff of chaos
              (14 damage)
             ... on level 2 of the Dungeon.
             The game lasted 00:06:36 (3060 turns).

Anandil the Firebug (Demonspawn Fire Elementalist)  Turns: 3060, Time: 00:06:37

Health: -9/30      AC:  2    Str:  8    XL:     4   Next: 22%
Magic:  0/8        EV: 12    Int: 18    God:
Gold:   82         SH:  0    Dex: 14    Spells: 5/8 levels left

rFire   . . .        e - +0 hand axe
rCold   . . .        (no shield)
rNeg    . . .        a - +0 robe
rPois   .            (no helmet)
rElec   .            (no cloak)
rCorr   +            (no gloves)
SInv    .            (no boots)
Will    .....        (no amulet)
Stlth   ++           j - ring of resist corrosion
HPRegen 0.25/turn    (no ring)
MPRegen 0.11/turn

%: no passive effects
@: no status effects
A: demonic guardian 1, powered by death 1
a: no special abilities


You were on level 2 of the Dungeon.
You visited 1 branch of the dungeon, and saw 2 of its levels.

You collected 82 gold pieces.

Inventory:

Hand Weapons
 e - a +0 hand axe (weapon)
Armour
 a - a +0 robe (worn)
Jewellery
 j - a ring of resist corrosion (left hand)
 l - a ring of flight
Scrolls
 c - a scroll of enchant weapon {unknown}
 d - 2 scrolls of identify {unknown}
 g - a scroll of amnesia {unknown}
 i - a scroll of vulnerability {unknown}
 n - a scroll of blinking {unknown}
Potions
 b - a potion of magic
 f - a potion of brilliance {unknown}
 h - a potion of heal wounds {unknown}
 k - a potion of attraction {unknown}
 m - a potion of ambrosia {unknown}


   Skills:
 + Level 2.5 Dodging
 - Level 1.7 Stealth
 + Level 2.7 Spellcasting
 - Level 2.0 Conjurations
 + Level 3.3 Fire Magic


You had 5 spell levels left.
You knew the following spells:

 Your Spells              Type           Power      Damage    Failure   Level
a - Foxfire               Conj/Fire      48%        2x1d6     5%          1
b - Scorch                Fire           28%        2d6       6%          2

Your spell library contained the following spells:

 Spells                   Type           Power      Damage    Failure   Level
 Inner Flame              Hex/Fire       8%         N/A       26%         3
 Volatile Blastmotes      Fire/Tloc      16%        2d11      26%         3
 Flame Wave               Conj/Fire      12%        2d6       50%         4


Dungeon Overview and Level Annotations

Branches:
Dungeon (2/15)

Altars:

Shops:
D:1 :

Annotations:
D:2 Crazy Yiuf


Innate Abilities, Weirdness & Mutations

A weak demonic guardian rushes to your aid.
You regenerate a little health from kills.


Message History

Unknown command.
Casting: Scorch (safe; 6% risk of failure)
Confirm with . or Enter, or press ? or * to list all spells.
Flames lash Crazy Yiuf.
Crazy Yiuf is moderately wounded.
Crazy Yiuf grits, "Island!"
Crazy Yiuf hits you with a +2 quarterstaff of chaos.
A demonic guardian appears!
Crazy Yiuf freezes you.
Unknown command.
Casting: Scorch (safe; 6% risk of failure)
Confirm with . or Enter, or press ? or * to list all spells.
You don't have enough magic to cast this spell.
Unknown command.
Unknown command.
Crazy Yiuf attacks as you move away!
Crazy Yiuf hits you with a +2 quarterstaff of chaos!
You are electrocuted!
* * * LOW HITPOINT WARNING * * *
You swap places.
Crazy Yiuf closely misses your shadow imp.
Your shadow imp barely misses Crazy Yiuf.
Unknown command.
Unknown command.
Your magical contamination has completely faded away.
Unknown command.
Casting: Scorch (safe; 6% risk of failure)
Confirm with . or Enter, or press ? or * to list all spells.
You conjure some foxfire!
The foxfire hits Crazy Yiuf.
Crazy Yiuf is heavily wounded.
The foxfire hits Crazy Yiuf but does no damage.
Crazy Yiuf is heavily wounded.
Crazy Yiuf attacks as you move away! Crazy Yiuf barely misses you.
Casting: Foxfire (safe; 5% risk of failure)
Confirm with . or Enter, or press ? or * to list all spells.
Flames lash Crazy Yiuf.
Crazy Yiuf is almost dead.
Crazy Yiuf's fire resistance burns away.
Crazy Yiuf hits you with a +2 quarterstaff of chaos!
You die...

♣♣.♣ #.# #. ♣♣.♣♣
#.###. ♣♣P..♣
##...# ♣PPP.♣
###..## #....#
###....#
###....###..######
#...........###...
#g##.######## .PP.
#@##.# #######
#<##.# #......
#.##.# #...#.#
#.##># ##.....
#..#.# #...#.#
##.#.#######.#####
#.#......##.##.P#
#.######.##.#.b.b
#.# #.##.##P.#


You could see Crazy Yiuf (combustible).

Vanquished Creatures
  Natasha (D:2)
  A worm (D:2)
  An orc (D:2)
  6 ball pythons
  2 endoplasms
  4 giant cockroaches
  6 goblins
  5 hobgoblins
  4 jackals (D:2)
  4 kobolds (D:2)
  A quokka (D:2)
  8 bats
  A frilled lizard (D:1)
  3 rats
47 creatures vanquished.

Vanquished Creatures (collateral kills)
  A quokka (D:2)
  A frilled lizard (D:1)
2 creatures vanquished.

Vanquished Creatures (others)
  77 foxfires
77 creatures vanquished.

Grand Total: 126 creatures vanquished

Notes
Turn   | Place    | Note
-------+----------+-------------------------------------------
     0 | D:1      | Anandil the Demonspawn Fire Elementalist began the quest
                  | for the Orb.
     0 | D:1      | Reached XP level 1. HP: 13/13 MP: 3/3
   280 | D:1      | Found a faded altar of an unknown god.
   831 | D:1      | Gained mutation: A weak demonic guardian rushes to your
                  | aid. [demonic ancestry]
   831 | D:1      | Reached XP level 2. HP: 19/19 MP: 5/5
   894 | D:1      | Learned a level 2 spell: Scorch
  1219 | D:1      | Found Keotom's Book Boutique.
  1297 | D:1      | Reached skill level 3 in Fire Magic
  1885 | D:2      | Gained mutation: You regenerate a little health from kills.
                  | [demonic ancestry]
  1885 | D:2      | Reached XP level 3. HP: 24/24 MP: 0/6
  2485 | D:2      | Noticed Natasha
  2489 | D:2      | Killed Natasha
  2490 | D:2      | Reached XP level 4. HP: 21/30 MP: 1/8
  2733 | D:2      | Found a runed translucent door.
  2734 | D:2      | Noticed Crazy Yiuf
  3060 | D:2      | Mangled by Crazy Yiuf

Illustrated notes

Levels and vault maps discovered:
D:1:      lightli_iron_boxes, layout_loops_ring,
          hellmonk_ecumenical_altar_arch_garden, serial_shops,
          nicolae_shop_real_fake_doors
D:2:      layout_loops_ring, serial_aquarium, aquarium_bridge_long_joined
          [aquarium_subvault_bridge, aquarium_subvault_wall,
          aquarium_subvault_window, aquarium_subvault_wall,
          aquarium_subvault_balcony, aquarium_subvault_bridge],
          aquarium_bridge_square [aquarium_subvault_bridge,
          aquarium_subvault_window, aquarium_subvault_wall,
          aquarium_subvault_bridge], aquarium_window_corridor_1,
          aquarium_window_double, aquarium_window_1, aquarium_window_1,
          aquarium_view_2d, aquarium_view_2c, kennysheep_potato, uniq_natasha,
          uniq_crazy_yiuf_cottage

Skill      XL: |  1  2  3 |
---------------+----------+-----
Dodging        | 2 |  2.5
Fire Magic     | 3 |  3.3
Conjurations   | 2 |  2.0
Stealth        | |  1.7
Spellcasting   | |  2.7

Action                     |  1- 3 |  4- 6 || total
---------------------------+-------+-------++-------
  Melee: Hand axe          |    70 |       ||    70
         Unarmed           |     2 |       ||     2
   Cast: Foxfire           |    46 |     5 ||    51
         Scorch            |     4 |     3 ||     7
   Stab: Sleeping          |     2 |       ||     2
 Armour: Robe              |    24 |       ||    24
  Dodge: Dodged            |    83 |     4 ||    87
